 Dungeon Crawl Stone Soup version 0.17.1-1-g73c8601 (webtiles) character file.

110253 Goblin1989 the Unseen (level 16, 0/80 HPs)
             Began as a Spriggan Enchanter on Jan 9, 2016.
             Was an Initiate of Gozag.
             Succumbed to a wolf spider's poison
             ... on level 1 of the Spider Nest.
             The game lasted 05:19:54 (38944 turns).

Goblin1989 the Unseen (Spriggan Enchanter)         Turns: 38944, Time: 05:19:55

Health: 0/80       AC:  5    Str: 10    XL:     16   Next: 6%
Magic:  32/34      EV: 30    Int: 22    God:    Gozag
Gold:   1928       SH:  0    Dex: 18    Spells: 11 memorised, 5 levels left

rFire  + . .     SeeInvis +     a - +7 rapier of Sonibo {freeze, rN+}
rCold  . . .     Clarity  .     L - +1 robe {Archmagi}
rNeg   + . .     SustAt   .     (shield restricted)
rPois  +         Gourm    .     (helmet restricted)
rElec  .         Spirit   .     g - +1 cloak {rPois}
rCorr  +         Warding  .     (gloves unavailable)
rMut   .         Stasis   .     (boots unavailable)
MR     +++..                    x - amulet of resist corrosion
Stlth  +++++++++.               u - ring "Kerch" {rF+ Str+4 SInv}
                                W - ring of protection from magic

@: lethally poisoned (0 -> -20), studying Dodging, repel missiles, very quick,
extremely resistant to hostile enchantments, incredibly stealthy
A: unfitting armour, see invisible, herbivore 3, speed 3, sense surroundings 1,
slow metabolism 2, strong 1
a: Potion Petition, Call Merchant, Bribe Branch, Renounce Religion


You were on level 1 of the Spider Nest.
You worshipped Gozag.
Gozag was noncommittal.
You were not hungry.

You visited 7 branches of the dungeon, and saw 32 of its levels.
You visited 1 bazaar.
You also visited: Ossuary and Bailey.

You collected 11747 gold pieces.
You spent 9232 gold pieces at shops.
You paid 587 gold pieces to Gozag.

Inventory:

Hand Weapons
 a - the +7 rapier of Sonibo (weapon) {freeze, rN+}
   (You bought it in a shop in a bazaar)

   It has been specially enchanted to freeze those struck by it, causing extra
   injury to most foes and up to half again as much damage against particularly
   susceptible opponents.
   It can also slow down cold-blooded creatures.
   It protects you from negative energy.
 b - a +7 hunting sling of flaming
Missiles
 f - 790 stones (quivered)
 o - 177 sling bullets
 z - 9 silver sling bullets
Armour
 g - a +1 cloak of poison resistance (worn)
 A - a +2 buckler of reflection
 L - a +1 robe of the Archmagi (worn)
Jewellery
 m - an uncursed ring of protection from cold
 u - the ring "Kerch" (right hand) {rF+ Str+4 SInv}
   (You bought it in a shop in a bazaar)

   [ring of see invisible]

   It affects your strength (+4).
   It protects you from fire.
   It lets you see invisible.
 x - an amulet of resist corrosion (around neck)
 W - a ring of protection from magic (left hand)
 X - an uncursed amulet of regeneration
Wands
 c - a wand of disintegration (12)
 k - a wand of teleportation (5)
 s - a wand of digging (3)
 w - a wand of disintegration (13)
Scrolls
 e - 10 scrolls of identify
 l - 5 scrolls of magic mapping
 n - 10 scrolls of teleportation
 p - 16 scrolls of remove curse
 q - a scroll of enchant armour
 r - 2 scrolls of fog
 t - a scroll of holy word
 v - a scroll of recharging
 y - 3 scrolls of noise
 B - 3 scrolls of fear
 H - 3 scrolls of blinking
 J - 2 scrolls of summoning
Potions
 h - 6 potions of heal wounds
 i - 5 potions of cancellation
 E - 3 potions of brilliance
 G - 16 potions of curing
 I - 6 potions of flight
 K - 4 potions of haste
 P - 5 potions of might
 R - 5 potions of resistance
 S - 3 potions of magic
 Z - 6 potions of agility
Books
 j - a manual of Dodging
Miscellaneous
 C - a sack of spiders
Comestibles
 d - 23 bread rations


   Skills:
 - Level 7.0 Fighting
 - Level 14.2 Short Blades
 * Level 10.8 Slings
 + Level 13.1 Dodging
 + Level 20.4 Stealth
 * Level 2.4 Shields
 - Level 13.6 Spellcasting
 - Level 10.3 Hexes
 - Level 6.0 Charms
 - Level 2.3 Summonings
 - Level 1.5 Translocations
 - Level 7.7 Evocations


You had 5 spell levels left.
You knew the following spells:

 Your Spells              Type           Power        Failure   Level  Hunger
a - Corona                Hex            ######.      1%          1    None
b - Ensorcelled Hibernat  Hex/Ice        ######       1%          2    None
c - Tukima's Dance        Hex            ######..     1%          3    None
d - Confuse               Hex            ######..     1%          3    None
e - Repel Missiles        Chrm/Air       #####.       1%          2    None
f - Dazzling Spray        Conj/Hex       ######..     1%          3    None
g - Blink                 Tloc           N/A          4%          2    None
h - Mass Confusion        Hex            ######....   12%         6    #####..
i - Fulminant Prism       Conj/Hex       ######....   6%          4    None
j - Haste                 Chrm           ######..     67%         6    #####..
k - Summon Demon          Summ           #####.....   50%         5    ###....


Dungeon Overview and Level Annotations

Branches:
Dungeon (14/15)            Temple (1/1) D:6            Lair (8/8) D:10
  Swamp (2/4) Lair:3       Spider (2/4) Lair:3        Slime (0/6) Lair:7
    Orc (4/4) D:10            Elf (1/3) Orc:3        Vaults (0/5) D:13

Altars:
Ashenzari
Cheibriados
Dithmenos
Elyvilon
Fedhas
Gozag
Kikubaaqudgha
Makhleb
Nemelex Xobeh
Qazlal
Ru
Sif Muna
Trog
Vehumet
Xom
Yredelemnul
Zin
The Shining One
Beogh
Jiyva

Shops:
Orc:1 :   Orc:3 =   Orc:4 %=}%=*(%   Lair:1 :

Annotations:
D:2 1 exclusion
D:4 exclusions: goblin, hobgoblin and ogre
D:5 Eustachio
Lair:2 exclusion: oklob plant
Lair:8 exclusion: catoblepas


Innate Abilities, Weirdness & Mutations

You are tiny and cannot use many weapons and most armour.
You have supernaturally acute eyesight.
You are a herbivore.
You cover ground extremely quickly.
You need consume almost no food.
You passively map a small area around you.
Your muscles are strong. (Str +2)


Message History

The orb spider weaves a glowing orb of energy.
The jumping spider leaps!
The wolf spider misses you. The wolf spider bites you.
You are poisoned.
The wolf spider poisons you!
The orb spider weaves a glowing orb of energy.
The orb fizzles.
You puncture the wolf spider! You freeze the wolf spider.
The wolf spider is moderately wounded.
You feel sick. The wolf spider completely misses you.
The wolf spider completely misses you.
You feel sick. The orb of destruction hits you!
Ouch! That really hurt!
The orb of destruction hits you!
* * * LOW HITPOINT WARNING * * *
The wolf spider barely misses you. The wolf spider misses you.
The orb spider bites the orb spider.
You climb upwards.
You die...
Your body crumbles into a pile of gold.

#......# #......####
##.....#......#
#####...##...##................##
#.....#....###............###.
#.....##....##.............#..
##....#....####......###.^.#..
#.....#...>...###......##.##..


You could see a wolf spider.

Vanquished Creatures
  Rupert (Orc:4)
  3 emperor scorpions (Spider:1)
  An orc warlord (D:13)
  Azrael (Elf:1)
  A deep elf annihilator (Elf:1)
  The ghost of Anouleth the Carver, a journeyman MiBe of Trog (D:11)
  The ghost of Gargoyl the Thaumaturge, a journeyman DECj of Vehumet (Lair:7)
  Fannar (D:12)
  9 hydras
  2 alligators (Swamp:1)
  7 death yaks
  2 centaur warriors (D:13)
  Sonja (Lair:2)
  2 deep elf knights (Elf:1)
  2 unseen horrors
  A deep elf summoner (Elf:1)
  A phantasmal warrior (D:13)
  A hill giant (D:8)
  A swamp dragon (Swamp:1)
  A griffon (D:13)
  2 deep elf conjurers (Elf:1)
  2 hornets
  An orb spider (Spider:1)
  8 wolf spiders (Spider:1)
  An orc knight (Bailey)
  2 cyclopes
  9 orc sorcerers
  A wizard (D:14)
  6 ugly things
  12 elephants
  Maurice (D:8)
  A torpor snail (Lair:7)
  A black mamba (shapeshifter) (D:13)
  14 spiny frogs
  2 black mambas
  2 gargoyles (D:14)
  2 demonic crawlers (Spider:1)
  A fire drake (Lair:8)
  10 komodo dragons
  21 jumping spiders
  2 polar bears
  A giant leech (Swamp:1)
  A polar bear (shapeshifter) (D:14)
  4 deep elf priests
  A trapdoor spider zombie (D:9)
  A troll (shapeshifter) (D:14)
  Grinder (D:6)
  4 trolls
  A raiju (Lair:8)
  18 blink frogs
  A freezing wraith (D:14)
  A bog body (Swamp:1)
  6 trapdoor spiders (Spider:1)
  75 yaks
  A wraith (D:13)
  20 redbacks (Spider:1)
  A vampire (D:14)
  5 deep elf magi
  10 tarantellas
  A wyvern (D:14)
  10 hippogriffs
  3 basilisks
  A steam dragon (D:10)
  A hippogriff (shapeshifter) (D:13)
  4 vampire mosquitoes (Swamp:1)
  4 fire elementals
  2 hungry ghosts
  13 wolves
  5 deep elf fighters (Elf:1)
  An insubstantial wisp (Swamp:2)
  2 soldier ants
  7 wargs
  7 porcupines
  A mottled dragon (Lair:8)
  6 sky beasts
  5 swamp worms
  2 hell hounds (Elf:1)
  14 orc warriors
  11 water moccasins
  4 black bears
  14 spiders (Spider:1)
  2 eyes of draining
  A necrophage (D:12)
  7 wasps
  2 ice beasts
  4 swamp drakes
  7 ogres
  2 phantoms
  13 centaurs
  13 big kobolds
  14 giant frogs
  17 crocodiles
  10 killer bees
  4 scorpions
  7 crimson imps
  5 wights
  4 centaur zombies
  A giant frog zombie (D:6)
  A quasit (D:12)
  11 hounds
  A giant frog skeleton (D:13)
  26 orc priests
  2 jellies (Lair:7)
  4 centaur skeletons
  54 orc wizards
  Terence (D:2)
  7 iguanas
  2 hell rats (Lair:2)
  10 worker ants
  A killer bee zombie (D:5)
  10 sheep
  A worker ant zombie (D:7)
  12 adders
  66 river rats
  A shadow imp (D:7)
  2 oozes
  4 adder zombies (Ossuary)
  5 worms
  An adder skeleton (D:5)
  5 giant geckos
  181 orcs
  5 giant cockroaches
  10 goblins
  12 hobgoblins
  19 jackals
  37 kobolds
  5 quokkas
  A ball python (D:4)
  9 bats
  A giant gecko skeleton (D:5)
  8 giant newts
  9 hobgoblin zombies (Ossuary)
  A jackal skeleton (D:5)
  11 kobold zombies (Ossuary)
  6 orc zombies (Ossuary)
  8 rats
  2 rat zombies (Ossuary)
  4 fungi
  A plant (Lair:8)
1081 creatures vanquished.

Vanquished Creatures (collateral kills)
  An orc warlord (Orc:4)
  Erica (Lair:1)
  2 hill giants
  A wolf spider (Spider:1)
  A two-headed ogre (D:13)
  A redback (Spider:1)
  A yak (D:12)
  11 orc warriors
  9 ogres
  Blork the orc (D:6)
  A big kobold (D:9)
  4 wights
  3 orc wizards
  An adder zombie (D:8)
  11 orcs
  4 kobolds
53 creatures vanquished.

Vanquished Creatures (others)
  A wolf spider (Spider:1)
  A redback (Spider:1)
  An orc wizard (Orc:4)
  2 orcs
  A bush (Lair:2)
  32 fulminant prisms
  19 fungi
  7 plants (Lair:8)
  10 toadstools (Lair:2)
74 creatures vanquished.

Grand Total: 1208 creatures vanquished

Notes
Turn   | Place    | Note
--------------------------------------------------------------
     0 | D:1      | Goblin1989 the Spriggan Enchanter began the quest for the Orb.
     0 | D:1      | Reached XP level 1. HP: 9/9 MP: 5/5
   193 | D:1      | Reached XP level 2. HP: 11/13 MP: 7/7
   204 | D:1      | Learned a level 2 spell: Ensorcelled Hibernation
   586 | D:1      | Reached XP level 3. HP: 16/16 MP: 9/9
  1111 | D:2      | Reached skill level 5 in Stealth
  1773 | D:2      | Noticed Terence
  1782 | D:2      | Killed Terence
  1782 | D:2      | Reached XP level 4. HP: 21/21 MP: 7/11
  1792 | D:2      | Found a burning altar of Makhleb.
  1792 | D:2      | Found a sparkling altar of Nemelex Xobeh.
  1792 | D:2      | Found a glowing silver altar of Zin.
  2759 | D:3      | Noticed an ogre
  2766 | D:3      | Learned a level 3 spell: Tukima's Dance
  2769 | D:3      | Killed an ogre
  2769 | D:3      | Reached skill level 5 in Hexes
  2769 | D:3      | Reached XP level 5. HP: 24/24 MP: 5/13
  3186 | D:4      | Found Eluetoll's Magic Scroll Emporium.
  3192 | D:4      | Reached skill level 5 in Spellcasting
  3199 | D:4      | Bought a scroll of teleportation for 36 gold pieces
  3561 | D:4      | Noticed an ogre
  3690 | D:5      | Entered Level 5 of the Dungeon
  3799 | D:5      | Noticed Eustachio
  3823 | D:6      | Reached skill level 6 in Stealth
  3823 | D:6      | Reached XP level 6. HP: 26/28 MP: 13/15
  3832 | D:6      | Found a staircase to the Ecumenical Temple.
  3840 | Temple   | Entered the Ecumenical Temple
  3906 | Temple   | Became a worshipper of Gozag Ym Sagoz the Greedy
  4026 | D:4      | Bought a scroll of fear for 42 gold pieces
  4156 | D:4      | Learned a level 3 spell: Confuse
  4163 | D:4      | Learned a level 6 spell: Deflect Missiles
  4382 | D:5      | Found a sand-covered staircase.
  4387 | Ossuary  | Entered an ossuary
  5694 | D:5      | Found a burning altar of Makhleb.
  6297 | D:6      | Noticed an ice beast
  6320 | D:6      | Killed an ice beast
  6320 | D:6      | Reached XP level 7. HP: 25/32 MP: 14/17
  6356 | D:6      | Reached skill level 7 in Stealth
  6776 | D:6      | Noticed Grinder
  6919 | D:7      | Reached XP level 8. HP: 36/36 MP: 4/20
  6941 | D:7      | Reached skill level 8 in Stealth
  7670 | D:8      | Learned a level 3 spell: Dazzling Spray
  7920 | D:8      | Noticed Maurice
  7933 | D:8      | Reached skill level 1 in Fighting
  7933 | D:8      | Reached skill level 9 in Stealth
  7959 | D:8      | Killed Maurice
  7959 | D:8      | Reached skill level 5 in Dodging
  7959 | D:8      | Reached XP level 9. HP: 42/42 MP: 8/22
  8048 | D:8      | Found Fyclo's Magic Scroll Boutique.
  8056 | D:8      | Bought a scroll of identify for 28 gold pieces
  8056 | D:8      | Bought a scroll of identify for 28 gold pieces
  8056 | D:8      | Bought a scroll of teleportation for 42 gold pieces
  8056 | D:8      | Bought a scroll of blinking for 105 gold pieces
  8056 | D:8      | Bought a scroll of remove curse for 42 gold pieces
  8056 | D:8      | Bought a scroll of identify for 28 gold pieces
  8056 | D:8      | Bought a scroll of remove curse for 42 gold pieces
  8056 | D:8      | Bought a scroll of amnesia for 49 gold pieces
  8056 | D:8      | Bought a scroll of identify for 28 gold pieces
  8137 | D:8      | Noticed a hill giant
  8147 | D:8      | Killed a hill giant
  8147 | D:8      | Reached skill level 5 in Short Blades
  8266 | D:4      | Bought a scroll of enchant weapon for 90 gold pieces
  8266 | D:4      | Bought a scroll of identify for 24 gold pieces
  8266 | D:4      | Bought a scroll of remove curse for 36 gold pieces
  8266 | D:4      | Bought a scroll of recharging for 114 gold pieces
  8266 | D:4      | Bought a scroll of random uselessness for 12 gold pieces
  8266 | D:4      | Bought a scroll of amnesia for 42 gold pieces
  8266 | D:4      | Bought a scroll of remove curse for 36 gold pieces
  8266 | D:4      | Bought 2 scrolls of identify for 48 gold pieces
  8414 | D:9      | Reached skill level 10 in Stealth
  9216 | D:9      | Found a shimmering altar of Xom.
  9273 | D:9      | Learned a level 2 spell: Repel Missiles
  9619 | D:10     | Entered Level 10 of the Dungeon
  9800 | D:10     | Noticed an elephant
  9878 | D:10     | Found a staircase to the Lair.
  9924 | D:10     | Reached XP level 10. HP: 44/49 MP: 9/23
  9978 | D:10     | Found a staircase to the Orcish Mines.
 10069 | D:10     | Reached skill level 11 in Stealth
 10225 | D:4      | Bought a scroll of brand weapon for 240 gold pieces
 10338 | D:6      | Noticed Blork the orc
 10344 | D:6      | Killed Blork the orc
 10410 | D:6      | Killed Grinder
 11163 | D:10     | Killed an elephant
 11274 | Lair:1   | Entered Level 1 of the Lair of Beasts
 11351 | Lair:1   | Noticed Erica
 11359 | Lair:1   | Killed Erica
 11419 | Lair:1   | Reached skill level 12 in Stealth
 11847 | Lair:1   | Reached XP level 11. HP: 54/54 MP: 14/24
 12093 | Lair:1   | Reached skill level 5 in Fighting
 12453 | Lair:2   | Reached skill level 10 in Short Blades
 12616 | Lair:2   | Noticed Sonja
 12616 | Lair:2   | Noticed a six-headed hydra
 12662 | Lair:2   | Killed Sonja
 12674 | Lair:2   | Killed a six-headed hydra
 12674 | Lair:2   | Reached skill level 13 in Stealth
 12696 | Lair:2   | Noticed a death yak
 12696 | Lair:2   | Noticed a death yak
 12697 | Lair:2   | Noticed a death yak
 12697 | Lair:2   | Noticed a death yak
 12698 | Lair:2   | Noticed a death yak
 12699 | Lair:2   | Noticed a death yak
 13055 | Lair:2   | Gained mutation: You passively map a small area around you. [potion of beneficial mutation]
 13056 | Lair:2   | Gained mutation: Your muscles are strong. (Str +2) [potion of beneficial mutation]
 13162 | Lair:3   | Reached skill level 10 in Dodging
 13242 | Lair:3   | Reached skill level 1 in Evocations
 13464 | Lair:3   | Found a hole to the Spider Nest.
 13705 | Lair:3   | Found a staircase to the Swamp.
 14571 | Lair:4   | Reached XP level 12. HP: 57/63 MP: 4/25
 14772 | Lair:4   | Learned a level 2 spell: Blink
 14903 | Lair:4   | Reached skill level 1 in Translocations
 14932 | Lair:4   | Reached skill level 14 in Stealth
 14963 | Lair:4   | Identified a scroll of acquirement
 14965 | Lair:4   | Identified Sif Muna's Guide on the Oath (You acquired it on level 4 of the Lair of Beasts)
 14973 | Lair:4   | Learned a level 6 spell: Mass Confusion
 15277 | Lair:5   | Noticed a six-headed hydra
 15287 | Lair:5   | Killed a six-headed hydra
 15673 | Lair:5   | Reached skill level 10 in Hexes
 15747 | Lair:5   | Reached skill level 10 in Spellcasting
 16063 | Lair:6   | Noticed an eight-headed hydra
 16071 | Lair:6   | Killed an eight-headed hydra
 16071 | Lair:6   | Reached skill level 5 in Evocations
 16307 | Lair:6   | Reached skill level 15 in Stealth
 16860 | Lair:7   | Noticed an eight-headed hydra
 16863 | Lair:7   | Noticed Gargoyl's ghost (journeyman DECj)
 16867 | Lair:7   | Killed an eight-headed hydra
 18020 | D:10     | Reached XP level 13. HP: 67/67 MP: 14/29
 18745 | D:11     | Noticed Anouleth's ghost (journeyman MiBe)
 18767 | D:11     | Killed Anouleth's ghost
 19376 | Orc:1    | Entered Level 1 of the Orcish Mines
 19376 | Orc:1    | Found Ugiurali's Book Shop.
 19426 | Orc:1    | Reached skill level 16 in Stealth
 22212 | Orc:3    | Found a staircase to the Elven Halls.
 22413 | Orc:3    | Found Jiess's Jewellery Emporium.
 22493 | Orc:3    | Found a flagged portal.
 22516 | Bailey   | Entered a bailey
 22583 | Bailey   | Found a bloodstained altar of Trog.
 22801 | Bailey   | Got a jewelled scimitar
 22857 | Orc:3    | Identified the cursed +1 scimitar "Merchoghu" {slice, Dex+4} (You found it in a bailey)
 22883 | Orc:4    | Entered Level 4 of the Orcish Mines
 22907 | Orc:4    | Found a flickering gateway to a bazaar.
 22937 | Bazaar   | Entered a bazaar
 22937 | Bazaar   | Found Taricsic's Book Shop.
 22937 | Bazaar   | Found Vyutuest's Food Emporium.
 22937 | Bazaar   | Found Akaenuk's Jewellery Shop.
 22937 | Bazaar   | Found Deni's Antique Weapon Shoppe.
 22939 | Bazaar   | Found Suytusuu's Magic Scroll Boutique.
 22939 | Bazaar   | Found Ixtomomm's General Store.
 22962 | Bazaar   | Bought a pitted rapier for 198 gold pieces
 22962 | Bazaar   | Identified the +7 rapier of Sonibo {freeze, rN+} (You bought it in a shop in a bazaar)
 22966 | Bazaar   | Bought a scroll of identify for 34 gold pieces
 22966 | Bazaar   | Bought a potion of heal wounds for 85 gold pieces
 22966 | Bazaar   | Bought a potion of cancellation for 136 gold pieces
 22966 | Bazaar   | Bought a scroll of magic mapping for 59 gold pieces
 22971 | Bazaar   | Bought a scroll of magic mapping for 38 gold pieces
 22971 | Bazaar   | Bought a scroll of teleportation for 33 gold pieces
 22971 | Bazaar   | Bought a scroll of remove curse for 33 gold pieces
 22971 | Bazaar   | Bought a scroll of remove curse for 33 gold pieces
 22971 | Bazaar   | Bought a scroll of enchant armour for 82 gold pieces
 22971 | Bazaar   | Bought a scroll of remove curse for 33 gold pieces
 22971 | Bazaar   | Bought a scroll of remove curse for 33 gold pieces
 22971 | Bazaar   | Bought a scroll of fog for 22 gold pieces
 22971 | Bazaar   | Bought a scroll of amnesia for 38 gold pieces
 22971 | Bazaar   | Bought a scroll of fog for 22 gold pieces
 22974 | Bazaar   | Bought the ring "Kerch" {rF+ Str+4 SInv} for 411 gold pieces
 22974 | Bazaar   | Bought an uncursed ring of wizardry for 330 gold pieces
 22974 | Bazaar   | Bought an uncursed ring of protection from fire for 275 gold pieces
 22974 | Bazaar   | Bought an uncursed amulet of resist corrosion for 220 gold pieces
 22977 | Bazaar   | Bought a book of Enchantments for 750 gold pieces
 22982 | Bazaar   | Bought a slice of pizza for 9 gold pieces
 22982 | Bazaar   | Bought a slice of pizza for 9 gold pieces
 22982 | Bazaar   | Bought 4 fruits for 36 gold pieces
 22982 | Bazaar   | Bought 3 fruits for 27 gold pieces
 22982 | Bazaar   | Bought a bread ration for 30 gold pieces
 23423 | Orc:4    | Found Xisugit's Jewellery Shop.
 23444 | Orc:4    | Found Fow Deuk's Food Shop.
 23465 | Orc:4    | Bought a slice of pizza for 15 gold pieces
 23465 | Orc:4    | Bought a bread ration for 50 gold pieces
 23465 | Orc:4    | Bought a slice of pizza for 15 gold pieces
 23560 | Orc:4    | Found Coxenise's Gadget Shoppe.
 23611 | Orc:4    | Found Ragewk's Food Boutique.
 23694 | Orc:4    | Bought a bread ration for 60 gold pieces
 23694 | Orc:4    | Bought a bread ration for 60 gold pieces
 23694 | Orc:4    | Bought a bread ration for 60 gold pieces
 23694 | Orc:4    | Bought a slice of pizza for 18 gold pieces
 23694 | Orc:4    | Bought a slice of pizza for 18 gold pieces
 23694 | Orc:4    | Bought a slice of pizza for 18 gold pieces
 23945 | Orc:4    | Found Dabotooz's Food Boutique.
 23987 | Orc:4    | Bought a bread ration for 55 gold pieces
 23987 | Orc:4    | Bought a bread ration for 55 gold pieces
 23987 | Orc:4    | Bought a slice of pizza for 16 gold pieces
 23987 | Orc:4    | Bought a bread ration for 55 gold pieces
 23987 | Orc:4    | Bought a fruit for 16 gold pieces
 23987 | Orc:4    | Bought a bread ration for 55 gold pieces
 23993 | Orc:4    | Found Toguck Tuku's Antique Weapon Shoppe.
 24081 | Orc:4    | Found a roughly hewn altar of Beogh.
 24096 | Orc:4    | Found Sim Wolueng's Assorted Antiques.
 24121 | Orc:4    | Bought a potion of haste for 340 gold pieces
 24121 | Orc:4    | Bought an ivory wand for 136 gold pieces
 24299 | Orc:4    | Noticed Rupert
 24368 | Orc:4    | Killed Rupert
 24388 | Orc:4    | Noticed an orc warlord
 24402 | Orc:4    | Killed an orc warlord
 24402 | Orc:4    | Reached skill level 17 in Stealth
 24885 | Orc:4    | Found Yshroopi's Jewellery Shop.
 24904 | Orc:4    | Bought an uncursed amulet of regeneration for 420 gold pieces
 25509 | Lair:1   | Bought a book of Power for 810 gold pieces
 25514 | Lair:1   | Learned a level 4 spell: Fulminant Prism
 25564 | Lair:2   | Killed a death yak
 25698 | Lair:2   | Killed a death yak
 25719 | Lair:2   | Killed a death yak
 26002 | Lair:7   | Reached XP level 14. HP: 72/72 MP: 32/32
 26145 | Lair:7   | Noticed a six-headed hydra
 26152 | Lair:7   | Killed a six-headed hydra
 26201 | Lair:7   | Killed Gargoyl's ghost
 26232 | Lair:7   | Found a runed door.
 26232 | Lair:7   | Found a viscous altar of Jiyva.
 26233 | Lair:7   | Found a staircase to the Slime Pits.
 26467 | Lair:7   | Noticed an eight-headed hydra
 26474 | Lair:7   | Killed an eight-headed hydra
 26882 | Lair:8   | Entered Level 8 of the Lair of Beasts
 27363 | Lair:8   | Reached skill level 18 in Stealth
 28516 | D:12     | Noticed Fannar
 28554 | D:12     | Killed Fannar
 28890 | D:12     | Reached skill level 1 in Charms
 29048 | D:12     | Found Adujad's Distillery.
 29098 | D:12     | Bought a potion of resistance for 150 gold pieces
 29098 | D:12     | Bought a potion of curing for 45 gold pieces
 29098 | D:12     | Bought 2 potions of might for 120 gold pieces
 29098 | D:12     | Bought a potion of brilliance for 60 gold pieces
 29098 | D:12     | Bought a potion of might for 60 gold pieces
 29098 | D:12     | Bought a potion of curing for 45 gold pieces
 29098 | D:12     | Bought a potion of magic for 120 gold pieces
 29098 | D:12     | Bought 2 potions of curing for 90 gold pieces
 29098 | D:12     | Bought a potion of curing for 45 gold pieces
 29098 | D:12     | Bought a potion of haste for 150 gold pieces
 29573 | Lair:1   | Learned a level 6 spell: Haste
 29589 | Lair:1   | Learned a level 5 spell: Summon Demon
 29895 | D:13     | Reached skill level 5 in Charms
 29895 | D:13     | Reached skill level 1 in Summonings
 29951 | D:13     | Found a gate to the Vaults.
 30330 | D:13     | Noticed an orc warlord
 30336 | D:13     | Killed an orc warlord
 30407 | D:13     | Reached skill level 19 in Stealth
 30923 | Spider:1 | Entered Level 1 of the Spider Nest
 30942 | Spider:1 | Reached skill level 1 in Slings
 30954 | Spider:1 | Noticed an emperor scorpion
 30955 | Spider:1 | Noticed an emperor scorpion
 30962 | Spider:1 | Killed an emperor scorpion
 30962 | Spider:1 | Reached XP level 15. HP: 73/75 MP: 30/33
 30991 | Spider:1 | Killed an emperor scorpion
 31205 | Spider:1 | Noticed an emperor scorpion
 31212 | Spider:1 | Killed an emperor scorpion
 31212 | Spider:1 | Reached skill level 5 in Slings
 31748 | Spider:1 | Identified a +4 rod of destruction (13/13) (You found it on level 1 of the Spider Nest)
 32646 | Swamp:1  | Entered Level 1 of the Swamp
 33131 | Lair:1   | Bought a manual of Dodging for 1987 gold pieces
 34303 | D:14     | Reached skill level 20 in Stealth
 35253 | Elf:1    | Entered Level 1 of the Elven Halls
 35253 | Elf:1    | Noticed Azrael
 35255 | Elf:1    | Killed Azrael
 35420 | Elf:1    | Reached skill level 10 in Slings
 36241 | Elf:1    | Reached skill level 1 in Shields
 36650 | Lair:2   | Found a blossoming altar of Fedhas.
 37958 | Spider:1 | Reached XP level 16. HP: 66/80 MP: 30/34
 38943 | Spider:2 | HP: 2/80 [disintegration (24)]
 38944 | Spider:1 | Succumbed to a wolf spider's poison

Action                   |  1- 3 |  4- 6 |  7- 9 | 10-12 | 13-15 | 16-18 || total
-------------------------+-------+-------+-------+-------+-------+-------++-------
Melee: Dagger            |   121 |   255 |   223 |   515 |   698 |       ||  1812
       Rapier            |       |       |       |       |  1080 |    43 ||  1123
 Fire: Blowgun           |       |       |       |     6 |    15 |       ||    21
       Hunting sling     |       |       |       |       |    50 |       ||    50
 Cast: Corona            |    25 |     5 |       |     1 |     2 |       ||    33
       Ensorcelled Hiber |     3 |    24 |     6 |    14 |    13 |       ||    60
       Tukima's Dance    |       |     6 |    27 |    10 |    24 |       ||    67
       Confuse           |       |    22 |    75 |   148 |   413 |    29 ||   687
       Repel Missiles    |       |       |     1 |       |     2 |       ||     3
       Dazzling Spray    |       |       |       |    45 |    10 |       ||    55
       Blink             |       |       |       |     2 |     5 |     5 ||    12
       Fulminant Prism   |       |       |       |       |    32 |       ||    32
       Mass Confusion    |       |       |       |       |     1 |       ||     1
       Summon Demon      |       |       |       |       |     2 |       ||     2
Invok: Call Merchant     |       |       |       |     1 |       |       ||     1
Evoke: Wand              |       |       |       |    13 |       |       ||    13
       Rod               |       |       |       |       |     1 |       ||     1
  Use: Potion            |     2 |       |       |     2 |     6 |     3 ||    13
       Scroll            |       |     1 |    12 |    14 |    22 |       ||    49
 Stab: Sleeping          |    14 |    43 |    27 |    60 |   122 |       ||   266
       Distracted        |       |     2 |       |     2 |    25 |       ||    29
       Confused          |       |    14 |    37 |    89 |   191 |    15 ||   346
       Invisible         |       |       |       |    13 |    18 |       ||    31
  Eat: Bread ration      |       |     1 |     1 |       |     3 |       ||     5
       Fruit             |       |       |       |     2 |       |       ||     2
       Royal jelly       |       |       |       |     2 |       |       ||     2
       Pizza             |       |       |       |       |     3 |     1 ||     4
